 Dungeon Crawl Stone Soup version 0.31-a0-700-gf13585253f (webtiles) character file.

Game seed: 91580232259363365

835 qw the Skirmisher (level 7, 0/44 HPs)
             Began as a Gargoyle Hunter on Sept 7, 2023.
             Slain by an ogre
             ... wielding a +0 giant club
              (18 damage)
             ... on level 6 of the Dungeon.
             The game lasted 00:03:37 (4580 turns).

qw the Skirmisher (Gargoyle Hunter)                 Turns: 4580, Time: 00:03:38

Health: 0/44       AC: 12    Str: 14    XL:     7   Next: 98%
Magic:  0/7        EV: 12    Int: 10    God:
Gold:   286        SH:  0    Dex: 15    Spells: 6/6 levels left

rFire   . . .        Y - +1 shortbow
rCold   . . .        (shield currently unavailable)
rNeg    + . .        i - +2 leather armour {Will+}
rPois   inf          (no helmet)
rElec   +            c - +0 cloak
rCorr   .            (no gloves)
SInv    +            b - +0 pair of boots
Will    +....        a - amulet of guardian spirit
Stlth   ++           k - ring of see invisible
HPRegen 0.27/turn    (no ring)
MPRegen 0.10/turn

%: guardian spirit
@: no status effects
A: sickness immunity, AC +4, negative energy resistance 1, electricity
resistance, torment resistance 1, petrification resistance
a: no special abilities


You were on level 6 of the Dungeon.
You visited 1 branch of the dungeon, and saw 6 of its levels.

You collected 286 gold pieces.


Innate Abilities, Weirdness & Mutations

You are immune to sickness and miasma.
Your stone body is resilient. (AC +4)
You are immune to poison.
You resist negative energy. (rN+)
You are resistant to electric shocks. (rElec)
You are resistant to unholy torment.
You are immune to petrification.


   Skills:
 + Level 4.6 Fighting
 - Level 8.2 Ranged Weapons
 - Level 2.7 Armour
 - Level 2.0 Dodging
 - Level 1.1 Stealth


You had 6 spell levels left.
You didn't know any spells.
Your spell library was empty.

Inventory:

Hand Weapons
 Y - a +1 shortbow (weapon)
Armour
 b - a +0 pair of boots (worn)
 c - a +0 cloak (worn)
 f - a +0 leather armour of cold resistance
 i - a +2 leather armour of willpower (worn)
Jewellery
 a - an amulet of guardian spirit (around neck)
 k - a ring of see invisible (left hand)
Scrolls
 e - a scroll of identify
 g - 3 scrolls of teleportation
Potions
 d - 4 potions of heal wounds
 h - 2 potions of curing
 j - a potion of cancellation

Dungeon Overview and Level Annotations

Branches:
Dungeon (6/15)
 Temple: D:4-7

Altars:
Wu Jian

Shops:
D:1 !!::*


Message History

You open the door.
Done exploring.
Done exploring.
4521 ||| UPGRADING to ring of see invisible.
k - a ring of see invisible (left hand) Done exploring.
4522 ||| READING scroll labelled ISAOSS GYCW.
As you read the scroll labelled ISAOSS GYCW, it crumbles to dust.
Your body is wracked with pain!
It was a scroll of torment.
You start resting.
Magic restored.
You start resting.
HP restored.
Done exploring.
What level of the Dungeon? (default 5, ? - help)
There is an open door here.
There is a stone staircase leading down here.
You climb downwards.
There is a stone staircase leading up here.
An ogre is nearby!
Waypoint 5 assigned to D:6.
You shoot an arrow. The arrow completely misses the ogre.
You shoot an arrow.
The arrow hits the ogre but does no damage.
You shoot an arrow. The arrow hits the ogre.
The ogre is lightly wounded.
You shoot an arrow. The arrow barely misses the ogre.
You shoot an arrow. The arrow hits the ogre.
The ogre is moderately wounded.
You shoot an arrow. The arrow hits the ogre.
The ogre is heavily wounded.
You shoot an arrow. The arrow hits the ogre!
The ogre is severely wounded.
The ogre hits you with a +0 giant club!!
You shoot an arrow. The arrow barely misses the ogre.
You shoot an arrow. The arrow barely misses the ogre.
The ogre hits you with a +0 giant club!
You shoot an arrow. The arrow barely misses the ogre.
The ogre hits you with a +0 giant club!!
You die...

.... ..# ...
..#
##..#####..#
##..........#
...#........
........#
#.O...# #@#
#.# #.# #.#
#.# #.# #.#
..#


You could see an ogre.

Vanquished Creatures
  Grinder (D:3)
  Sigmund (D:3)
  Eustachio (D:5)
  Blork the orc (D:4)
  A jelly (D:5)
  Ijyb (D:3)
  Jessica (D:2)
  An orc wizard (D:3)
  An iguana (D:5)
  Natasha (D:3)
  3 adders
  3 worms
  10 orcs
  6 ball pythons
  4 endoplasms
  3 giant cockroaches
  10 goblins
  10 hobgoblins
  5 kobolds
  3 quokkas
  5 bats
  3 frilled lizards
  6 rats
81 creatures vanquished.

Notes
Turn   | Place    | Note
-------+----------+-------------------------------------------
     0 | D:1      | qw the Gargoyle Hunter began the quest for the Orb.
     0 | D:1      | Reached XP level 1. HP: 12/12 MP: 1/1
     0 | D:1      | 0 ||| qw: Version: 0.3-a-76-g4403597
     0 | D:1      | 0 ||| qw: Game counter: 736
     0 | D:1      | 0 ||| qw: Melee chars always use a shield: true
     0 | D:1      | 0 ||| qw: God list: Okawaru
     0 | D:1      | 0 ||| qw: Allow faded altars: false
     0 | D:1      | 0 ||| qw: Do Orc after clearing Dungeon:15 true
     0 | D:1      | 0 ||| qw: Do second Lair branch before Depths: true
     0 | D:1      | 0 ||| qw: Lair rune preference: random
     0 | D:1      | 0 ||| qw: Goals: Normal
     0 | D:1      | 0 ||| PLANNING D:1-11
    33 | D:1      | 33 ||| DROPPING scroll of butterflies.
    34 | D:1      | Found Diur's Assorted Antiques.
    45 | D:1      | Found Feenwy's Book Boutique.
    46 | D:1      | 46 ||| SHOPLISTING ivory ring (110 gold, have 11).
    46 | D:1      | 46 ||| SHOPLISTING metallic brown potion (19 gold, have
                  | 11).
    46 | D:1      | 46 ||| SHOPLISTING runed leather armour (110 gold, have
                  | 11).
    46 | D:1      | 46 ||| SHOPLISTING scroll labelled IDEICKENUS (22 gold,
                  | have 11).
    46 | D:1      | 46 ||| SHOPLISTING scroll labelled KAETA XUBUSCHEVURE (22
                  | gold, have 11).
    46 | D:1      | 46 ||| SHOPLISTING small sapphire ring (110 gold, have 11).
    46 | D:1      | 46 ||| SHOPLISTING white potion (19 gold, have 11).
    94 | D:1      | Reached XP level 2. HP: 17/17 MP: 2/2
   137 | D:1      | Found Ybrik's Book Boutique.
   247 | D:1      | Found Falobun's Distillery.
   257 | D:1      | 257 ||| SHOPLISTING potion of heal wounds (55 gold, have
                  | 11).
   257 | D:1      | 257 ||| SHOPLISTING potion of mutation (88 gold, have 11).
   615 | D:1      | Found Dutem's Distillery.
   629 | D:1      | 629 ||| SHOPLISTING potion of enlightenment (60 gold, have
                  | 51).
   629 | D:1      | 629 ||| SHOPLISTING potion of mutation (96 gold, have 51).
   647 | D:1      | Reached XP level 3. HP: 21/21 MP: 3/3
  1020 | D:1      | 1020 ||| READING scroll labelled DATHRUXOASI.
  1021 | D:1      | 1021 ||| READING scroll labelled KAETA XUBUSCHEVURE.
  1022 | D:1      | 1022 ||| READING scroll labelled IGUNTUH BAUT.
  1023 | D:1      | 1023 ||| READING scroll labelled PEICWY HYTICKO.
  1024 | D:1      | 1024 ||| READING scroll labelled WADILI TAULENTA.
  1069 | D:2      | Reached skill level 5 in Ranged Weapons
  1174 | D:2      | Noticed Jessica
  1180 | D:2      | Killed Jessica
  1181 | D:2      | Reached skill level 3 in Fighting
  1181 | D:2      | Reached XP level 4. HP: 21/28 MP: 4/4
  1346 | D:2      | 1346 ||| FLEEEEING.
  1347 | D:2      | 1347 ||| FLEEEEING.
  1348 | D:2      | 1348 ||| FLEEEEING.
  1349 | D:2      | 1349 ||| FLEEEEING.
  1374 | D:2      | You fall into a shaft and drop 2 floors!
  1646 | D:4      | 1646 ||| UPGRADING to +0 ring mail.
  1656 | D:4      | 1656 ||| DROPPING +0 leather armour.
  1657 | D:4      | 1657 ||| DROPPING ring of flight.
  1658 | D:4      | 1658 ||| READING scroll labelled ROUNNYTUAT.
  1662 | D:4      | 1662 ||| READING scroll labelled DAMUWKOSCHY.
  1663 | D:4      | 1663 ||| READING scroll labelled YBAVUC WEOLUO.
  1664 | D:4      | 1664 ||| DRINKING 4 white potions.
  1665 | D:4      | 1665 ||| Stepping randomly (stuck).
  1666 | D:4      | 1666 ||| Stepping randomly (stuck).
  1667 | D:4      | 1667 ||| Stepping randomly (stuck).
  1668 | D:4      | 1668 ||| Stepping randomly (stuck).
  1669 | D:4      | 1669 ||| Stepping randomly (stuck).
  1670 | D:4      | 1670 ||| Stepping randomly (stuck).
  1671 | D:4      | 1671 ||| Stepping randomly (stuck).
  1672 | D:4      | 1672 ||| Stepping randomly (stuck).
  1673 | D:4      | 1673 ||| Stepping randomly (stuck).
  1674 | D:4      | 1674 ||| Stepping randomly (stuck).
  1675 | D:4      | 1675 ||| Stepping randomly (stuck).
  1676 | D:4      | 1676 ||| Stepping randomly (stuck).
  1677 | D:4      | 1677 ||| Stepping randomly (stuck).
  1678 | D:4      | 1678 ||| Stepping randomly (stuck).
  1679 | D:4      | 1679 ||| Stepping randomly (stuck).
  1680 | D:4      | 1680 ||| Stepping randomly (stuck).
  1681 | D:4      | 1681 ||| Stepping randomly (stuck).
  1682 | D:4      | 1682 ||| Stepping randomly (stuck).
  1683 | D:4      | 1683 ||| Stepping randomly (stuck).
  1684 | D:4      | 1684 ||| Stepping randomly (stuck).
  1685 | D:4      | 1685 ||| Stepping randomly (stuck).
  1686 | D:4      | 1686 ||| Stepping randomly (stuck).
  1687 | D:4      | 1687 ||| Stepping randomly (stuck).
  1688 | D:4      | 1688 ||| Stepping randomly (stuck).
  1689 | D:4      | 1689 ||| Stepping randomly (stuck).
  1690 | D:4      | 1690 ||| Stepping randomly (stuck).
  1691 | D:4      | 1691 ||| Stepping randomly (stuck).
  1692 | D:4      | 1692 ||| Stepping randomly (stuck).
  1693 | D:4      | 1693 ||| Stepping randomly (stuck).
  1694 | D:4      | 1694 ||| Stepping randomly (stuck).
  1695 | D:4      | 1695 ||| Stepping randomly (stuck).
  1696 | D:4      | 1696 ||| Stepping randomly (stuck).
  1697 | D:4      | 1697 ||| Stepping randomly (stuck).
  1698 | D:4      | 1698 ||| Stepping randomly (stuck).
  1699 | D:4      | 1699 ||| Stepping randomly (stuck).
  1700 | D:4      | 1700 ||| Stepping randomly (stuck).
  1701 | D:4      | 1701 ||| Stepping randomly (stuck).
  1702 | D:4      | 1702 ||| Stepping randomly (stuck).
  1703 | D:4      | 1703 ||| Stepping randomly (stuck).
  1704 | D:4      | 1704 ||| Stepping randomly (stuck).
  1705 | D:4      | 1705 ||| Stepping randomly (stuck).
  1706 | D:4      | 1706 ||| Stepping randomly (stuck).
  1707 | D:4      | 1707 ||| Stepping randomly (stuck).
  1708 | D:4      | 1708 ||| Stepping randomly (stuck).
  1709 | D:4      | 1709 ||| Stepping randomly (stuck).
  1710 | D:4      | 1710 ||| Stepping randomly (stuck).
  1711 | D:4      | 1711 ||| Stepping randomly (stuck).
  1712 | D:4      | 1712 ||| Stepping randomly (stuck).
  1713 | D:4      | 1713 ||| Stepping randomly (stuck).
  1714 | D:4      | 1714 ||| Stepping randomly (stuck).
  1715 | D:4      | 1715 ||| Stepping randomly (stuck).
  1716 | D:4      | 1716 ||| Stepping randomly (stuck).
  1717 | D:4      | 1717 ||| Stepping randomly (stuck).
  1718 | D:4      | 1718 ||| Stepping randomly (stuck).
  1719 | D:4      | 1719 ||| Stepping randomly (stuck).
  1720 | D:4      | 1720 ||| Stepping randomly (stuck).
  1721 | D:4      | 1721 ||| Stepping randomly (stuck).
  1722 | D:4      | 1722 ||| Stepping randomly (stuck).
  1723 | D:4      | 1723 ||| Stepping randomly (stuck).
  1724 | D:4      | 1724 ||| Stepping randomly (stuck).
  1725 | D:4      | 1725 ||| Stepping randomly (stuck).
  1726 | D:4      | 1726 ||| Stepping randomly (stuck).
  1727 | D:4      | 1727 ||| Stepping randomly (stuck).
  1728 | D:4      | 1728 ||| Stepping randomly (stuck).
  1729 | D:4      | 1729 ||| Stepping randomly (stuck).
  1730 | D:4      | 1730 ||| Stepping randomly (stuck).
  1731 | D:4      | 1731 ||| Stepping randomly (stuck).
  1732 | D:4      | 1732 ||| Stepping randomly (stuck).
  1733 | D:4      | 1733 ||| Stepping randomly (stuck).
  1734 | D:4      | 1734 ||| Stepping randomly (stuck).
  1735 | D:4      | 1735 ||| Stepping randomly (stuck).
  1736 | D:4      | 1736 ||| Stepping randomly (stuck).
  1737 | D:4      | 1737 ||| Stepping randomly (stuck).
  1738 | D:4      | 1738 ||| Stepping randomly (stuck).
  1739 | D:4      | 1739 ||| Stepping randomly (stuck).
  1740 | D:4      | 1740 ||| Stepping randomly (stuck).
  1741 | D:4      | 1741 ||| Stepping randomly (stuck).
  1742 | D:4      | 1742 ||| Stepping randomly (stuck).
  1743 | D:4      | 1743 ||| Stepping randomly (stuck).
  1744 | D:4      | 1744 ||| Stepping randomly (stuck).
  1745 | D:4      | 1745 ||| Stepping randomly (stuck).
  1746 | D:4      | 1746 ||| Stepping randomly (stuck).
  1747 | D:4      | 1747 ||| Stepping randomly (stuck).
  1748 | D:4      | 1748 ||| Stepping randomly (stuck).
  1749 | D:4      | 1749 ||| Stepping randomly (stuck).
  1750 | D:4      | 1750 ||| Stepping randomly (stuck).
  1751 | D:4      | 1751 ||| Stepping randomly (stuck).
  1752 | D:4      | 1752 ||| Stepping randomly (stuck).
  1753 | D:4      | 1753 ||| Stepping randomly (stuck).
  1754 | D:4      | 1754 ||| Stepping randomly (stuck).
  1755 | D:4      | 1755 ||| Stepping randomly (stuck).
  1756 | D:4      | 1756 ||| Stepping randomly (stuck).
  1757 | D:4      | 1757 ||| Stepping randomly (stuck).
  1758 | D:4      | 1758 ||| Stepping randomly (stuck).
  1759 | D:4      | 1759 ||| Stepping randomly (stuck).
  1760 | D:4      | 1760 ||| Stepping randomly (stuck).
  1761 | D:4      | 1761 ||| Stepping randomly (stuck).
  1762 | D:4      | 1762 ||| Stepping randomly (stuck).
  1763 | D:4      | 1763 ||| Stepping randomly (stuck).
  1764 | D:4      | 1764 ||| Stepping randomly (stuck).
  1765 | D:4      | 1765 ||| Stepping randomly (stuck).
  1766 | D:4      | 1766 ||| Stepping randomly (stuck).
  1767 | D:4      | 1767 ||| Stepping randomly (stuck).
  1768 | D:4      | 1768 ||| Stepping randomly (stuck).
  1769 | D:4      | 1769 ||| Stepping randomly (stuck).
  1770 | D:4      | 1770 ||| Stepping randomly (stuck).
  1771 | D:4      | 1771 ||| Stepping randomly (stuck).
  1772 | D:4      | 1772 ||| Stepping randomly (stuck).
  1773 | D:4      | 1773 ||| Stepping randomly (stuck).
  1774 | D:4      | 1774 ||| Stepping randomly (stuck).
  1775 | D:4      | 1775 ||| Stepping randomly (stuck).
  1776 | D:4      | 1776 ||| Stepping randomly (stuck).
  1777 | D:4      | 1777 ||| Stepping randomly (stuck).
  1778 | D:4      | 1778 ||| Stepping randomly (stuck).
  1779 | D:4      | 1779 ||| Stepping randomly (stuck).
  1780 | D:4      | 1780 ||| Stepping randomly (stuck).
  1781 | D:4      | 1781 ||| Stepping randomly (stuck).
  1782 | D:4      | 1782 ||| Stepping randomly (stuck).
  1783 | D:4      | 1783 ||| Stepping randomly (stuck).
  1784 | D:4      | 1784 ||| Stepping randomly (stuck).
  1785 | D:4      | 1785 ||| Stepping randomly (stuck).
  1786 | D:4      | 1786 ||| Stepping randomly (stuck).
  1787 | D:4      | 1787 ||| Stepping randomly (stuck).
  1788 | D:4      | 1788 ||| Stepping randomly (stuck).
  1789 | D:4      | 1789 ||| Stepping randomly (stuck).
  1790 | D:4      | 1790 ||| Stepping randomly (stuck).
  1791 | D:4      | 1791 ||| Stepping randomly (stuck).
  1792 | D:4      | 1792 ||| Stepping randomly (stuck).
  1793 | D:4      | 1793 ||| Stepping randomly (stuck).
  1794 | D:4      | 1794 ||| Stepping randomly (stuck).
  1795 | D:4      | 1795 ||| Stepping randomly (stuck).
  1796 | D:4      | 1796 ||| Stepping randomly (stuck).
  1797 | D:4      | 1797 ||| Stepping randomly (stuck).
  1798 | D:4      | 1798 ||| Stepping randomly (stuck).
  1799 | D:4      | 1799 ||| Stepping randomly (stuck).
  1800 | D:4      | 1800 ||| Stepping randomly (stuck).
  1801 | D:4      | 1801 ||| Stepping randomly (stuck).
  1802 | D:4      | 1802 ||| Stepping randomly (stuck).
  1803 | D:4      | 1803 ||| Stepping randomly (stuck).
  1804 | D:4      | 1804 ||| Stepping randomly (stuck).
  1805 | D:4      | 1805 ||| Stepping randomly (stuck).
  1806 | D:4      | 1806 ||| Stepping randomly (stuck).
  1807 | D:4      | 1807 ||| Stepping randomly (stuck).
  1808 | D:4      | 1808 ||| Stepping randomly (stuck).
  1809 | D:4      | 1809 ||| Stepping randomly (stuck).
  1810 | D:4      | 1810 ||| Stepping randomly (stuck).
  1811 | D:4      | 1811 ||| Stepping randomly (stuck).
  1812 | D:4      | 1812 ||| Stepping randomly (stuck).
  1813 | D:4      | 1813 ||| Stepping randomly (stuck).
  1814 | D:4      | 1814 ||| Stepping randomly (stuck).
  1815 | D:4      | 1815 ||| Stepping randomly (stuck).
  1816 | D:4      | 1816 ||| Stepping randomly (stuck).
  1817 | D:4      | 1817 ||| Stepping randomly (stuck).
  1818 | D:4      | 1818 ||| Stepping randomly (stuck).
  1819 | D:4      | 1819 ||| Stepping randomly (stuck).
  1820 | D:4      | 1820 ||| Stepping randomly (stuck).
  1821 | D:4      | 1821 ||| Stepping randomly (stuck).
  1822 | D:4      | 1822 ||| Stepping randomly (stuck).
  1823 | D:4      | 1823 ||| Stepping randomly (stuck).
  1824 | D:4      | 1824 ||| Stepping randomly (stuck).
  1825 | D:4      | 1825 ||| Stepping randomly (stuck).
  1826 | D:4      | 1826 ||| Stepping randomly (stuck).
  1827 | D:4      | 1827 ||| Stepping randomly (stuck).
  1828 | D:4      | 1828 ||| Stepping randomly (stuck).
  1829 | D:4      | 1829 ||| Stepping randomly (stuck).
  1830 | D:4      | 1830 ||| Stepping randomly (stuck).
  1831 | D:4      | 1831 ||| Stepping randomly (stuck).
  1832 | D:4      | 1832 ||| Stepping randomly (stuck).
  1833 | D:4      | 1833 ||| Stepping randomly (stuck).
  1834 | D:4      | 1834 ||| Stepping randomly (stuck).
  1835 | D:4      | 1835 ||| Stepping randomly (stuck).
  1836 | D:4      | 1836 ||| Stepping randomly (stuck).
  1837 | D:4      | 1837 ||| Stepping randomly (stuck).
  1838 | D:4      | 1838 ||| Stepping randomly (stuck).
  1839 | D:4      | 1839 ||| Stepping randomly (stuck).
  1840 | D:4      | 1840 ||| Stepping randomly (stuck).
  1841 | D:4      | 1841 ||| Stepping randomly (stuck).
  1842 | D:4      | 1842 ||| Stepping randomly (stuck).
  1843 | D:4      | 1843 ||| Stepping randomly (stuck).
  1844 | D:4      | 1844 ||| Stepping randomly (stuck).
  1845 | D:4      | 1845 ||| Stepping randomly (stuck).
  1846 | D:4      | 1846 ||| Stepping randomly (stuck).
  1847 | D:4      | 1847 ||| Stepping randomly (stuck).
  1848 | D:4      | 1848 ||| Stepping randomly (stuck).
  1849 | D:4      | 1849 ||| Stepping randomly (stuck).
  1850 | D:4      | 1850 ||| Stepping randomly (stuck).
  1851 | D:4      | 1851 ||| Stepping randomly (stuck).
  1852 | D:4      | 1852 ||| Stepping randomly (stuck).
  1853 | D:4      | 1853 ||| Stepping randomly (stuck).
  1854 | D:4      | 1854 ||| Stepping randomly (stuck).
  1855 | D:4      | 1855 ||| Stepping randomly (stuck).
  1856 | D:4      | 1856 ||| Stepping randomly (stuck).
  1857 | D:4      | 1857 ||| Stepping randomly (stuck).
  1858 | D:4      | 1858 ||| Stepping randomly (stuck).
  1859 | D:4      | 1859 ||| Stepping randomly (stuck).
  1860 | D:4      | 1860 ||| Stepping randomly (stuck).
  1861 | D:4      | 1861 ||| Stepping randomly (stuck).
  1862 | D:4      | 1862 ||| Stepping randomly (stuck).
  1863 | D:4      | 1863 ||| Stepping randomly (stuck).
  1864 | D:4      | 1864 ||| Stepping randomly (stuck).
  1865 | D:4      | 1865 ||| Stepping randomly (stuck).
  1866 | D:4      | 1866 ||| Stepping randomly (stuck).
  1867 | D:4      | 1867 ||| Stepping randomly (stuck).
  1868 | D:4      | 1868 ||| Stepping randomly (stuck).
  1869 | D:4      | 1869 ||| Stepping randomly (stuck).
  1870 | D:4      | 1870 ||| Stepping randomly (stuck).
  1871 | D:4      | 1871 ||| Stepping randomly (stuck).
  1872 | D:4      | 1872 ||| Stepping randomly (stuck).
  1873 | D:4      | 1873 ||| Stepping randomly (stuck).
  1874 | D:4      | 1874 ||| Stepping randomly (stuck).
  1875 | D:4      | 1875 ||| Stepping randomly (stuck).
  1876 | D:4      | 1876 ||| Stepping randomly (stuck).
  1877 | D:4      | 1877 ||| Stepping randomly (stuck).
  1878 | D:4      | 1878 ||| Stepping randomly (stuck).
  1879 | D:4      | 1879 ||| Stepping randomly (stuck).
  1880 | D:4      | 1880 ||| Stepping randomly (stuck).
  1881 | D:4      | 1881 ||| Stepping randomly (stuck).
  1882 | D:4      | 1882 ||| Stepping randomly (stuck).
  1883 | D:4      | 1883 ||| Stepping randomly (stuck).
  1884 | D:4      | 1884 ||| Stepping randomly (stuck).
  1885 | D:4      | 1885 ||| Stepping randomly (stuck).
  1886 | D:4      | 1886 ||| Stepping randomly (stuck).
  1887 | D:4      | 1887 ||| Stepping randomly (stuck).
  1888 | D:4      | 1888 ||| Stepping randomly (stuck).
  1889 | D:4      | 1889 ||| Stepping randomly (stuck).
  1890 | D:4      | 1890 ||| Stepping randomly (stuck).
  1891 | D:4      | 1891 ||| Stepping randomly (stuck).
  1892 | D:4      | 1892 ||| Stepping randomly (stuck).
  1893 | D:4      | 1893 ||| Stepping randomly (stuck).
  1894 | D:4      | 1894 ||| Stepping randomly (stuck).
  1895 | D:4      | 1895 ||| Stepping randomly (stuck).
  1896 | D:4      | 1896 ||| Stepping randomly (stuck).
  1897 | D:4      | 1897 ||| Stepping randomly (stuck).
  1898 | D:4      | 1898 ||| Stepping randomly (stuck).
  1899 | D:4      | 1899 ||| Stepping randomly (stuck).
  1900 | D:4      | 1900 ||| Stepping randomly (stuck).
  1901 | D:4      | 1901 ||| Stepping randomly (stuck).
  1902 | D:4      | 1902 ||| Stepping randomly (stuck).
  1903 | D:4      | 1903 ||| Stepping randomly (stuck).
  1904 | D:4      | 1904 ||| Stepping randomly (stuck).
  1905 | D:4      | 1905 ||| Stepping randomly (stuck).
  1906 | D:4      | 1906 ||| Stepping randomly (stuck).
  1907 | D:4      | 1907 ||| Stepping randomly (stuck).
  1908 | D:4      | 1908 ||| Stepping randomly (stuck).
  1909 | D:4      | 1909 ||| Stepping randomly (stuck).
  1910 | D:4      | 1910 ||| Stepping randomly (stuck).
  1911 | D:4      | 1911 ||| Stepping randomly (stuck).
  1912 | D:4      | 1912 ||| Stepping randomly (stuck).
  1913 | D:4      | 1913 ||| Stepping randomly (stuck).
  1914 | D:4      | 1914 ||| Stepping randomly (stuck).
  1915 | D:4      | 1915 ||| Stepping randomly (stuck).
  1916 | D:4      | 1916 ||| Stepping randomly (stuck).
  1917 | D:4      | 1917 ||| Stepping randomly (stuck).
  1918 | D:4      | 1918 ||| Stepping randomly (stuck).
  1919 | D:4      | 1919 ||| Stepping randomly (stuck).
  1920 | D:4      | 1920 ||| Stepping randomly (stuck).
  1921 | D:4      | 1921 ||| Stepping randomly (stuck).
  1922 | D:4      | 1922 ||| Stepping randomly (stuck).
  1923 | D:4      | 1923 ||| Stepping randomly (stuck).
  1924 | D:4      | 1924 ||| Stepping randomly (stuck).
  1925 | D:4      | 1925 ||| Stepping randomly (stuck).
  1926 | D:4      | 1926 ||| Stepping randomly (stuck).
  1927 | D:4      | 1927 ||| Stepping randomly (stuck).
  1928 | D:4      | 1928 ||| Stepping randomly (stuck).
  1930 | D:4      | 1930 ||| Stepping randomly (stuck).
  1931 | D:4      | 1931 ||| Stepping randomly (stuck).
  1932 | D:4      | 1932 ||| Stepping randomly (stuck).
  1933 | D:4      | 1933 ||| Stepping randomly (stuck).
  1934 | D:4      | 1934 ||| Stepping randomly (stuck).
  1935 | D:4      | 1935 ||| Stepping randomly (stuck).
  1936 | D:4      | 1936 ||| Stepping randomly (stuck).
  1937 | D:4      | 1937 ||| Stepping randomly (stuck).
  1938 | D:4      | 1938 ||| Stepping randomly (stuck).
  1939 | D:4      | 1939 ||| Stepping randomly (stuck).
  1940 | D:4      | 1940 ||| Stepping randomly (stuck).
  1941 | D:4      | 1941 ||| Stepping randomly (stuck).
  1942 | D:4      | 1942 ||| Stepping randomly (stuck).
  1943 | D:4      | 1943 ||| Stepping randomly (stuck).
  1944 | D:4      | 1944 ||| Stepping randomly (stuck).
  1945 | D:4      | 1945 ||| Stepping randomly (stuck).
  1946 | D:4      | 1946 ||| Stepping randomly (stuck).
  1947 | D:4      | 1947 ||| Stepping randomly (stuck).
  1948 | D:4      | 1948 ||| Stepping randomly (stuck).
  1949 | D:4      | 1949 ||| Stepping randomly (stuck).
  1950 | D:4      | 1950 ||| Stepping randomly (stuck).
  1951 | D:4      | 1951 ||| Stepping randomly (stuck).
  1952 | D:4      | 1952 ||| Stepping randomly (stuck).
  1953 | D:4      | 1953 ||| Stepping randomly (stuck).
  1954 | D:4      | 1954 ||| Stepping randomly (stuck).
  1955 | D:4      | 1955 ||| Stepping randomly (stuck).
  1956 | D:4      | 1956 ||| Stepping randomly (stuck).
  1957 | D:4      | 1957 ||| Stepping randomly (stuck).
  1958 | D:4      | 1958 ||| Stepping randomly (stuck).
  1959 | D:4      | 1959 ||| Stepping randomly (stuck).
  1960 | D:4      | 1960 ||| Stepping randomly (stuck).
  1961 | D:4      | 1961 ||| Stepping randomly (stuck).
  1962 | D:4      | 1962 ||| Stepping randomly (stuck).
  1963 | D:4      | 1963 ||| Stepping randomly (stuck).
  1964 | D:4      | 1964 ||| Stepping randomly (stuck).
  1965 | D:4      | 1965 ||| Stepping randomly (stuck).
  1966 | D:4      | 1966 ||| Stepping randomly (stuck).
  1967 | D:4      | 1967 ||| Stepping randomly (stuck).
  1968 | D:4      | 1968 ||| Stepping randomly (stuck).
  1969 | D:4      | 1969 ||| Stepping randomly (stuck).
  1970 | D:4      | 1970 ||| Stepping randomly (stuck).
  1971 | D:4      | 1971 ||| Stepping randomly (stuck).
  1972 | D:4      | 1972 ||| Stepping randomly (stuck).
  1973 | D:4      | 1973 ||| Stepping randomly (stuck).
  1974 | D:4      | 1974 ||| Stepping randomly (stuck).
  1975 | D:4      | 1975 ||| Stepping randomly (stuck).
  1976 | D:4      | 1976 ||| Stepping randomly (stuck).
  1977 | D:4      | 1977 ||| Stepping randomly (stuck).
  1978 | D:4      | 1978 ||| Stepping randomly (stuck).
  1979 | D:4      | 1979 ||| Stepping randomly (stuck).
  1980 | D:4      | 1980 ||| Stepping randomly (stuck).
  1981 | D:4      | 1981 ||| Stepping randomly (stuck).
  1982 | D:4      | 1982 ||| Stepping randomly (stuck).
  1983 | D:4      | 1983 ||| Stepping randomly (stuck).
  1984 | D:4      | 1984 ||| Stepping randomly (stuck).
  1985 | D:4      | 1985 ||| Stepping randomly (stuck).
  1986 | D:4      | 1986 ||| Stepping randomly (stuck).
  1987 | D:4      | 1987 ||| Stepping randomly (stuck).
  1988 | D:4      | 1988 ||| Stepping randomly (stuck).
  1989 | D:4      | 1989 ||| Stepping randomly (stuck).
  1990 | D:4      | 1990 ||| Stepping randomly (stuck).
  1991 | D:4      | 1991 ||| Stepping randomly (stuck).
  1992 | D:4      | 1992 ||| Stepping randomly (stuck).
  1993 | D:4      | 1993 ||| Stepping randomly (stuck).
  1994 | D:4      | 1994 ||| Stepping randomly (stuck).
  1995 | D:4      | 1995 ||| Stepping randomly (stuck).
  1996 | D:4      | 1996 ||| Stepping randomly (stuck).
  1997 | D:4      | 1997 ||| Stepping randomly (stuck).
  1998 | D:4      | 1998 ||| Stepping randomly (stuck).
  1999 | D:4      | 1999 ||| Stepping randomly (stuck).
  2000 | D:4      | 2000 ||| Stepping randomly (stuck).
  2001 | D:4      | 2001 ||| Stepping randomly (stuck).
  2002 | D:4      | 2002 ||| Stepping randomly (stuck).
  2003 | D:4      | 2003 ||| Stepping randomly (stuck).
  2004 | D:4      | 2004 ||| Stepping randomly (stuck).
  2005 | D:4      | 2005 ||| Stepping randomly (stuck).
  2006 | D:4      | 2006 ||| Stepping randomly (stuck).
  2007 | D:4      | 2007 ||| Stepping randomly (stuck).
  2008 | D:4      | 2008 ||| Stepping randomly (stuck).
  2009 | D:4      | 2009 ||| Stepping randomly (stuck).
  2010 | D:4      | 2010 ||| Stepping randomly (stuck).
  2011 | D:4      | 2011 ||| Stepping randomly (stuck).
  2012 | D:4      | 2012 ||| Stepping randomly (stuck).
  2013 | D:4      | 2013 ||| Stepping randomly (stuck).
  2014 | D:4      | 2014 ||| Stepping randomly (stuck).
  2015 | D:4      | 2015 ||| Stepping randomly (stuck).
  2016 | D:4      | 2016 ||| Stepping randomly (stuck).
  2017 | D:4      | 2017 ||| Stepping randomly (stuck).
  2018 | D:4      | 2018 ||| Stepping randomly (stuck).
  2019 | D:4      | 2019 ||| Stepping randomly (stuck).
  2020 | D:4      | 2020 ||| Stepping randomly (stuck).
  2021 | D:4      | 2021 ||| Stepping randomly (stuck).
  2022 | D:4      | 2022 ||| Stepping randomly (stuck).
  2023 | D:4      | 2023 ||| Stepping randomly (stuck).
  2024 | D:4      | 2024 ||| Stepping randomly (stuck).
  2025 | D:4      | 2025 ||| Stepping randomly (stuck).
  2026 | D:4      | 2026 ||| Stepping randomly (stuck).
  2027 | D:4      | 2027 ||| Stepping randomly (stuck).
  2028 | D:4      | 2028 ||| Stepping randomly (stuck).
  2029 | D:4      | 2029 ||| Stepping randomly (stuck).
  2030 | D:4      | 2030 ||| Stepping randomly (stuck).
  2031 | D:4      | 2031 ||| Stepping randomly (stuck).
  2032 | D:4      | 2032 ||| Stepping randomly (stuck).
  2033 | D:4      | 2033 ||| Stepping randomly (stuck).
  2034 | D:4      | 2034 ||| Stepping randomly (stuck).
  2035 | D:4      | 2035 ||| Stepping randomly (stuck).
  2036 | D:4      | 2036 ||| Stepping randomly (stuck).
  2037 | D:4      | 2037 ||| Stepping randomly (stuck).
  2038 | D:4      | 2038 ||| Stepping randomly (stuck).
  2039 | D:4      | 2039 ||| Stepping randomly (stuck).
  2040 | D:4      | 2040 ||| Stepping randomly (stuck).
  2041 | D:4      | 2041 ||| Stepping randomly (stuck).
  2042 | D:4      | 2042 ||| Stepping randomly (stuck).
  2043 | D:4      | 2043 ||| Stepping randomly (stuck).
  2044 | D:4      | 2044 ||| Stepping randomly (stuck).
  2045 | D:4      | 2045 ||| Stepping randomly (stuck).
  2046 | D:4      | 2046 ||| Stepping randomly (stuck).
  2047 | D:4      | 2047 ||| Stepping randomly (stuck).
  2048 | D:4      | 2048 ||| Stepping randomly (stuck).
  2049 | D:4      | 2049 ||| Stepping randomly (stuck).
  2050 | D:4      | 2050 ||| Stepping randomly (stuck).
  2051 | D:4      | 2051 ||| Stepping randomly (stuck).
  2052 | D:4      | 2052 ||| Stepping randomly (stuck).
  2053 | D:4      | 2053 ||| Stepping randomly (stuck).
  2054 | D:4      | 2054 ||| Stepping randomly (stuck).
  2055 | D:4      | 2055 ||| Stepping randomly (stuck).
  2056 | D:4      | 2056 ||| Stepping randomly (stuck).
  2057 | D:4      | 2057 ||| Stepping randomly (stuck).
  2058 | D:4      | 2058 ||| Stepping randomly (stuck).
  2059 | D:4      | 2059 ||| Stepping randomly (stuck).
  2060 | D:4      | 2060 ||| Stepping randomly (stuck).
  2061 | D:4      | 2061 ||| Stepping randomly (stuck).
  2062 | D:4      | 2062 ||| Stepping randomly (stuck).
  2063 | D:4      | 2063 ||| Stepping randomly (stuck).
  2064 | D:4      | 2064 ||| Stepping randomly (stuck).
  2065 | D:4      | 2065 ||| Stepping randomly (stuck).
  2066 | D:4      | 2066 ||| Stepping randomly (stuck).
  2067 | D:4      | 2067 ||| Stepping randomly (stuck).
  2068 | D:4      | 2068 ||| Stepping randomly (stuck).
  2069 | D:4      | 2069 ||| Stepping randomly (stuck).
  2070 | D:4      | 2070 ||| Stepping randomly (stuck).
  2071 | D:4      | 2071 ||| Stepping randomly (stuck).
  2072 | D:4      | 2072 ||| Stepping randomly (stuck).
  2073 | D:4      | 2073 ||| Stepping randomly (stuck).
  2074 | D:4      | 2074 ||| Stepping randomly (stuck).
  2075 | D:4      | 2075 ||| Stepping randomly (stuck).
  2076 | D:4      | 2076 ||| Stepping randomly (stuck).
  2077 | D:4      | 2077 ||| Stepping randomly (stuck).
  2078 | D:4      | 2078 ||| Stepping randomly (stuck).
  2079 | D:4      | 2079 ||| Stepping randomly (stuck).
  2080 | D:4      | 2080 ||| Stepping randomly (stuck).
  2081 | D:4      | 2081 ||| Stepping randomly (stuck).
  2082 | D:4      | 2082 ||| Stepping randomly (stuck).
  2083 | D:4      | 2083 ||| Stepping randomly (stuck).
  2084 | D:4      | 2084 ||| Stepping randomly (stuck).
  2085 | D:4      | 2085 ||| Stepping randomly (stuck).
  2086 | D:4      | 2086 ||| Stepping randomly (stuck).
  2087 | D:4      | 2087 ||| Stepping randomly (stuck).
  2088 | D:4      | 2088 ||| Stepping randomly (stuck).
  2089 | D:4      | 2089 ||| Stepping randomly (stuck).
  2090 | D:4      | 2090 ||| Stepping randomly (stuck).
  2091 | D:4      | 2091 ||| Stepping randomly (stuck).
  2092 | D:4      | 2092 ||| Stepping randomly (stuck).
  2093 | D:4      | 2093 ||| Stepping randomly (stuck).
  2094 | D:4      | 2094 ||| Stepping randomly (stuck).
  2095 | D:4      | 2095 ||| Stepping randomly (stuck).
  2096 | D:4      | 2096 ||| Stepping randomly (stuck).
  2097 | D:4      | 2097 ||| Stepping randomly (stuck).
  2098 | D:4      | 2098 ||| Stepping randomly (stuck).
  2099 | D:4      | 2099 ||| Stepping randomly (stuck).
  2100 | D:4      | 2100 ||| Stepping randomly (stuck).
  2101 | D:4      | 2101 ||| Stepping randomly (stuck).
  2101 | D:4      | Noticed Blork the orc
  2107 | D:4      | Killed Blork the orc
  2108 | D:4      | Reached XP level 5. HP: 32/32 MP: 5/5
  2240 | D:3      | Noticed Sigmund
  2247 | D:3      | Killed Sigmund
  2248 | D:3      | Reached skill level 6 in Ranged Weapons
  2248 | D:3      | Reached XP level 6. HP: 33/37 MP: 6/6
  2311 | D:3      | 2311 ||| UPGRADING to amulet of guardian spirit.
  2317 | D:3      | 2317 ||| FLEEEEING.
  2318 | D:3      | 2318 ||| STAIRDANCE
  2693 | D:3      | 2693 ||| Stepping ~*~*~tactically~*~*~ (outnumbered).
  2729 | D:3      | HP: 9/37 [something/magic dart (3)]
  2730 | D:3      | 2730 ||| DRINKING 3 potions of heal wounds.
  2904 | D:3      | Noticed Ijyb
  2912 | D:3      | Killed Ijyb
  3012 | D:3      | Noticed Grinder
  3020 | D:3      | Killed Grinder
  3021 | D:3      | Reached skill level 7 in Ranged Weapons
  3021 | D:3      | Reached XP level 7. HP: 28/43 MP: 4/7
  3274 | D:3      | Noticed Natasha
  3284 | D:3      | Killed Natasha
  3358 | D:3      | 3358 ||| UPGRADING to +0 pair of boots.
  3363 | D:3      | 3363 ||| UPGRADING to +0 cloak.
  3368 | D:3      | 3368 ||| UPGRADING to +0 robe of cold resistance.
  3378 | D:3      | 3378 ||| DROPPING +0 ring mail.
  3379 | D:3      | 3379 ||| UPGRADING to +2 leather armour of willpower.
  3389 | D:3      | 3389 ||| DROPPING +0 robe of cold resistance.
  3390 | D:3      | 3390 ||| READING scroll labelled IDEICKENUS.
  3391 | D:3      | 3391 ||| READING 3 scrolls of identify.
  3391 | D:3      | 3391 ||| IDENTIFYING purple potion
  3392 | D:3      | 3392 ||| DROPPING potion of attraction.
  3622 | D:4      | Identified the +6 long sword "Goblinbane" {flame, rC+
                  | Str+2}
  3730 | D:4      | Found an ornate altar of the Wu Jian Council.
  3857 | D:4      | 3857 ||| READING scroll labelled OFIPESM PUODGH.
  3858 | D:4      | 3858 ||| READING 3 scrolls of identify.
  3858 | D:4      | 3858 ||| IDENTIFYING metallic brown potion
  3859 | D:4      | 3859 ||| READING 2 scrolls of identify.
  3859 | D:4      | 3859 ||| IDENTIFYING ruby potion
  3883 | D:5      | Entered Level 5 of the Dungeon
  4051 | D:5      | Noticed Eustachio
  4070 | D:5      | Killed Eustachio
  4071 | D:5      | Reached skill level 8 in Ranged Weapons
  4521 | D:5      | 4521 ||| UPGRADING to ring of see invisible.
  4522 | D:5      | 4522 ||| READING scroll labelled ISAOSS GYCW.
  4580 | D:6      | Slain by an ogre

Levels and vault maps discovered:
D:1:      evilmike_arrival_crescent, layout_loops_corners, serial_shops,
          nicolae_diamond_shop, shop, nicolae_shop_pleasant_corner_grove,
          nicolae_shop_temple_entry_statues_fountains,
          nicolae_shop_temple_entry_statues_fountains, minmay_cut_off
D:2:      layout_rooms, due_unseen_surprise, uniq_jessica
D:3:      layout_basic, uniq_grinder, uniq_natasha, uniq_sigmund, uniq_ijyb
D:4:      layout_loops_corners, mainiacjoe_overflow_alcove_2, uniq_blork_the_orc
D:5:      layout_basic, serial_glass, glass_columns_b, glass_columns_c,
          glass_columns_b, glass_columns_c, minmay_liquid_box,
          hangedman_abyss_or_decor_stagger, uniq_eustachio
D:6:      kennysheep_slugbush, layout_loops_ring,
          mainiacjoe_overflow_catch_the_wave

Skill      XL: |  1  2  3  4  5  6  7 |
---------------+----------------------+-----
Ranged Weapons | 5 6 7 8 |  8.2
Fighting       | 3 4 |  4.6
Armour         | 2 |  2.7
Dodging        | 2 |  2.0
Stealth        | |  1.1

Action                     |  1- 3 |  4- 6 |  7- 9 || total
---------------------------+-------+-------+-------++-------
   Fire: Shortbow          |    83 |   131 |    77 ||   291
    Use: Scroll            |     5 |     3 |     6 ||    14
         Potion            |       |     2 |       ||     2
 Armour: Leather armour    |    11 |    10 |    20 ||    41
         Ring mail         |       |    88 |     4 ||    92
  Dodge: Dodged            |    14 |    49 |     7 ||    70

Table legend:
 A = Non-vault XP
 B = Vault XP
 C = Vault XP percentage of total XP
 D = Non-vault monster count
 E = Vault monster count
 F = Vault count percentage of total count
                 A         B        C        D         E       F
            +---------+---------+-------+---------+---------+-------
      Total |     283 |     910 |  76.3 |      70 |      11 |  13.6
            +---------+---------+-------+---------+---------+-------
        D:1 |      30 |       7 |  18.9 |      20 |       4 |  16.7
        D:2 |      34 |      37 |  52.1 |      15 |       1 |   6.2
        D:3 |      86 |     576 |  87.0 |      19 |       4 |  17.4
        D:4 |      33 |      87 |  72.5 |      10 |       1 |   9.1
        D:5 |     100 |     203 |  67.0 |       6 |       1 |  14.3
            +---------+---------+-------+---------+---------+-------
